AoeStats
← OctopusRewind

Arabia

510712248Analyzed
1v1 RM · 7h ago on Oct 2, 2026· 47m 13s· 2 players
Game mode
Random Map
Map size
Tiny (2 player)
Population
200
Speed
Normal
Resources
Standard
Victory
Conquest
Starting age
Dark Age
Ending age
Imperial Age
RankedLock teamsTeams togetherTeam positionsShared explorationLock speedFull tech treeHidden civsTurbo modeCheats
Victory
Defeat
🇹🇷 Byzantines · Türkiye
500
+11
🇺🇸 Saxons · United States
380
-11
OctopusRewind
1:54 Loom
14:22 Feudal Age
14:37 Man-at-Arms
19:50 Town Watch
20:30 Horse Collar
22:11 Arson
24:43 Double-Bit Axe
26:03 Scale Mail Armor
26:14 Forging
25:54 Fletching
26:05 Padded Archer Armor
28:44 Wheelbarrow
30:07 Scale Barding Armor
31:27 Bloodlines
36:36 Castle Age
38:04 Town Patrol
38:40 Chain Mail Armor
39:00 Iron Casting
38:21 Bodkin Arrow
38:41 Leather Archer Armor
38:47 Chain Barding Armor
37:55 Light Cavalry
38:36 Husbandry
39:18 Pikeman
39:19 Long Swordsman
39:47 Gambesons
42:58 Squires
46:05 Sanctity
Turcos Locos | Benji*
11:18 Feudal Age
12:43 Double-Bit Axe
12:45 Horse Collar
13:05 Double-Bit Axe
19:59 Gold Mining
20:01 Stone Mining
19:52 Horse Collar
23:04 Fletching
23:15 Padded Archer Armor
23:28 Forging
23:25 Scale Barding Armor
23:20 Loom
25:01 Forging
25:12 Scale Mail Armor
25:37 Man-at-Arms
26:02 Arson
26:16 Fletching
26:26 Padded Archer Armor
26:12 Man-at-Arms
29:25 Castle Age
31:49 Wheelbarrow
31:17 Husbandry
30:38 Light Cavalry
31:41 Chain Barding Armor
31:37 Chain Mail Armor
31:58 Iron Casting
32:13 Heavy Plow
33:46 Bodkin Arrow
34:07 Leather Archer Armor
33:31 Elite Skirmisher
36:05 Bow Saw
36:14 Hand Cart
36:25 Crossbowman
37:10 Thumb Ring
38:00 Coinage
38:20 Gold Shaft Mining
39:14 Stone Shaft Mining
38:44 Caravan
40:51 Ballistics
45:48 Imperial Age
46:18 Elite Cataphract
47:34 Hoardings
47:49 Crop Rotation
48:36 Chemistry
Connection lost

Rejoining the realm…

Still unreachable

The connection could not be restored.

Session expired

The server has moved on; the page needs a fresh start.